 Dungeon Crawl Stone Soup version 0.28.0-47-ge53b351184 (webtiles) character file.

Game seed: 732389861189388196

1974 101zpm the Thaumaturge (level 9, -4/55 HPs)
             Began as a Djinni Fire Elementalist on May 10, 2022.
             Slain by a hornet (5 damage)
             ... on level 7 of the Dungeon.
             The game lasted 00:15:32 (7651 turns).

101zpm the Thaumaturge (Djinni Fire Elementalist)   Turns: 7651, Time: 00:15:33

Health: -4/55      AC:  3    Str:  7    XL:     9   Next: 43%
Gold:   967        EV: 17    Int: 27    God:
                   SH:  0    Dex: 14

rFire   + + .      SeeInvis .   q - +2 club (spect)
rCold   x . .      Faith    .   (no shield)
rNeg    . . .      Spirit   .   a - +0 robe
rPois   ∞          Reflect  .   (no helmet)
rElec   .          Harm     .   f - +0 cloak
rCorr   .          Rampage  .   (no gloves)
Will    .....                   (boots unavailable)
Stlth   ++........              (no amulet)
HPRegen 0.18/turn               c - +4 ring of evasion
MPRegen 0.00/turn               p - +6 ring of intelligence

@: flying
A: sickness immunity, fire resistance 2, cold vulnerability 1, float, innate
caster, HP casting, extra vitality 1
a: no special abilities


You were on level 7 of the Dungeon.
You visited 1 branch of the dungeon, and saw 7 of its levels.

You collected 987 gold pieces.
You spent 20 gold pieces at shops.

Inventory:

Hand Weapons
 q - a +2 spectral club (weapon)
Armour
 a - a +0 robe (worn)
 f - a +0 cloak (worn)
Jewellery
 c - a +4 ring of evasion (left hand)
 k - a ring of protection from cold
 p - a +6 ring of intelligence (right hand)
Wands
 n - a wand of iceblast (17)
Scrolls
 l - a scroll of enchant weapon
 m - a scroll of immolation
 o - a scroll of fear
 u - a scroll of silence {unknown}
Potions
 b - 2 potions of brilliance
 d - a potion of attraction {unknown}
 e - a potion of cancellation {unknown}
 g - a potion of might {unknown}
 h - 2 potions of lignification {unknown}
 i - 2 potions of curing
 j - a potion of magic {unknown}
 r - 5 potions of heal wounds
 t - a potion of haste {unknown}


   Skills:
 + Level 0.2 Fighting
 + Level 3.0 Dodging
 + Level 3.2 Stealth
 + Level 8.9 Spellcasting


You had 4 spell levels left.
You knew the following spells:

 Your Spells              Type           Power      Damage    Failure   Level
a - Foxfire               Conj/Fire      100%       2x1d9     1%          1
b - Scorch                Fire           100%       2d10      1%          2
c - Conjure Flame         Conj/Fire      57%        6-21      1%          3
d - Inner Flame           Hex/Fire       57%        N/A       1%          3
e - Flame Wave            Conj/Fire      57%        2d11      1%          4
f - Apportation           Tloc           100%       N/A       1%          1
g - Poisonous Vapours     Pois/Air       100%       N/A       1%          2
h - Searing Ray           Conj           100%       2d8       1%          2
i - Teleport Other        Tloc           57%        N/A       1%          3
Your spell library was empty.

Dungeon Overview and Level Annotations

Branches:
Dungeon (7/15)
 Temple: D:4-7

Altars:
Qazlal

Shops:
D:1 ?

Annotations:
D:6 Maggie


Innate Abilities, Weirdness & Mutations

You are immune to sickness and miasma.
You are immune to poison.
Your flesh is very heat resistant. (rF++)
You are vulnerable to cold. (rC-)
You float through the air rather than walking.
You learn spells naturally, not from books.
Your magical power is your life essence.
You have superior vitality. (+4 MHP)


Message History

Your foxfire dissipates!
Casting: Inner Flame (safe; 1% risk of failure)
Confirm with . or Enter, or press ? or * to list all spells.
Aiming: Poisonous Vapours (safe; 1% risk of failure)
Press: ? - help, Dir - move target, f/p - bullfrog
Aim: a bullfrog (inner flame) Poisonous vapours surround the bullfrog!
The bullfrog is poisoned.
* * * LOW HITPOINT WARNING * * *
Flame seeps out of the bullfrog.
The bullfrog is engulfed in blazing flames.
Flame seeps out of the bullfrog.
Casting: Foxfire (safe; 1% risk of failure)
Press: ? - help, Q - select action, (/) - cycle Dir - look around, f - activate You conjure some foxfire!
* * * LOW HITPOINT WARNING * * *
Flame seeps out of the bullfrog.
The bullfrog is engulfed in blazing flames.
Flame seeps out of the bullfrog.
Casting: Foxfire (safe; 1% risk of failure)
Press: ? - help, Q - select action, (/) - cycle Dir - look around, f - activate You conjure some foxfire!
* * * LOW HITPOINT WARNING * * *
Flame seeps out of the bullfrog.
The foxfire hits the hornet but does no damage.
The foxfire hits the bullfrog.
The bullfrog explodes!
The fiery explosion engulfs the hornet.
The hornet is lightly wounded.
The fiery explosion engulfs your foxfire.
Your foxfire completely resists.
The hornet is engulfed in blazing flames.
An electric eel comes into view.
The foxfire hits the hornet.
The hornet is heavily wounded.
The foxfire hits the hornet.
The hornet is heavily wounded.
The hornet is engulfed in blazing flames.
The hornet stings you.
You die...

≈≈≈S...
.P....
#....#
#....#
####.°§§#
.§)...○§#
#.§.§#
#..y<#
#..@§#
#........#
#.......##
#..#+#..#
#. #..# #
#..# ..##
..


You could see a hornet.

Vanquished Creatures
  Pikel (D:6)
  Grinder (D:5)
  Edmund (D:6)
  An orc warrior (D:6)
  A black bear (D:4)
  A sky beast (D:6)
  3 necrophages
  An ogre (D:4)
  A bullfrog (D:7)
  A scorpion (D:2)
  A water moccasin skeleton (D:4)
  A hound (D:6)
  Jessica (D:2)
  2 orc wizards (D:4)
  Ijyb (D:2)
  2 iguanas
  3 gnolls (D:3)
  7 adders
  2 worms
  6 dart slugs
  10 orcs
  6 ball pythons
  8 endoplasms
  13 goblins
  9 hobgoblins
  6 jackals
  6 kobolds
  4 bats
  3 frilled lizards
  9 rats
112 creatures vanquished.

Vanquished Creatures (others)
  305 foxfires
305 creatures vanquished.

Grand Total: 417 creatures vanquished

Notes
Turn   | Place    | Note
-------+----------+-------------------------------------------
     0 | D:1      | 101zpm the Djinni Fire Elementalist began the quest for the
                  | Orb.
     0 | D:1      | Reached XP level 1. HP: 15/15 MP: 0/0
   372 | D:2      | Found a stormy altar of Qazlal.
   385 | D:2      | Reached XP level 2. HP: 12/21 MP: 0/0
   706 | D:2      | Noticed Jessica
   713 | D:2      | Reached skill level 3 in Spellcasting
   957 | D:1      | Reached XP level 3. HP: 18/25 MP: 0/0
   957 | D:1      | Learned a level 1 spell: Apportation
  1493 | D:1      | Found Plog's Magic Scroll Boutique.
  1501 | D:1      | Bought a scroll of identify for 20 gold pieces
  1518 | D:2      | Found a faded altar of an unknown god.
  2205 | D:4      | Reached XP level 4. HP: 28/31 MP: 0/0
  2825 | D:3      | Noticed a necrophage
  2829 | D:3      | Killed a necrophage
  2830 | D:3      | Reached skill level 4 in Spellcasting
  2830 | D:3      | Reached XP level 5. HP: 28/35 MP: 0/0
  2830 | D:3      | Learned a level 2 spell: Poisonous Vapours
  3185 | D:3      | Reached XP level 6. HP: 36/40 MP: 0/0
  3304 | D:2      | Noticed Ijyb
  3312 | D:2      | Killed Ijyb
  3789 | D:2      | Killed Jessica
  3989 | D:2      | Reached skill level 5 in Spellcasting
  5671 | D:3      | Identified a scroll of acquirement
  5672 | D:3      | Acquired 840 gold pieces
  5680 | D:4      | Reached XP level 7. HP: 34/45 MP: 0/0
  5680 | D:4      | Learned a level 2 spell: Searing Ray
  6101 | D:4      | Reached skill level 6 in Spellcasting
  7065 | D:5      | Entered Level 5 of the Dungeon
  7065 | D:5      | Noticed Grinder
  7070 | D:5      | Killed Grinder
  7071 | D:5      | Reached XP level 8. HP: 30/50 MP: 0/0
  7212 | D:6      | Reached skill level 7 in Spellcasting
  7217 | D:6      | Noticed Edmund
  7223 | D:6      | Killed Edmund
  7319 | D:6      | Noticed Pikel
  7324 | D:6      | Killed Pikel
  7325 | D:6      | Reached skill level 8 in Spellcasting
  7325 | D:6      | Reached XP level 9. HP: 19/55 MP: 0/0
  7325 | D:6      | Learned a level 3 spell: Teleport Other
  7638 | D:6      | Noticed Maggie
  7646 | D:7      | Noticed a hornet
  7651 | D:7      | Slain by a hornet

Illustrated notes

Levels and vault maps discovered:
D:1:      psy_arrival_heroes, layout_loops_ring, serial_shops, shop,
          st_stairs_11
D:2:      kennysheep_the_goblin_king, layout_loops_ring, basic_altar,
          nicolae_ecumenical_pavilion, uniq_jessica
D:3:      layout_basic
D:4:      kennysheep_big_flooded_room, layout_rooms, uniq_ijyb
D:5:      wander_river, layout_loops_ring, serial_bayou_crossing, uniq_grinder
D:6:      layout_loops_ring, kennysheep_generic_room_8, uniq_menkaure,
          uniq_maggie, uniq_pikel, uniq_edmund
D:7:      layout_rooms, kennysheep_mini_moat, minmay_temple_entry_hall,
          enter_bailey_3, serial_bayou_pond_b

Skill      XL: |  1  2  3  4  5  6  7  8 |
---------------+-------------------------+-----
Spellcasting   | 3 4 5 6 8 |  8.9
Stealth        | 2 3 |  3.2
Dodging        | 3 |  3.0
Fighting       | |  0.2

Action                   |  1- 3 |  4- 6 |  7- 9 || total
-------------------------+-------+-------+-------++-------
Melee: Unarmed           |     2 |       |       ||     2
       Club              |       |     1 |       ||     1
 Cast: Foxfire           |    84 |    64 |    40 ||   188
       Scorch            |    11 |    29 |    15 ||    55
       Inner Flame       |       |    25 |    32 ||    57
       Poisonous Vapours |       |    13 |    17 ||    30
       Flame Wave        |       |     1 |       ||     1
       Teleport Other    |       |       |     3 ||     3
  Use: Scroll            |     1 |     4 |     1 ||     6
Armor: Robe              |     2 |     1 |       ||     3
Dodge: Dodged            |     8 |    20 |     5 ||    33
